 Dungeon Crawl Stone Soup version 0.23.2-1-ga50397a (webtiles) character file.

Game seed: 12138409853252707191

448 troglodite the Grave Robber (level 6, -2/44 HPs)
             Began as a Demonspawn Necromancer on May 27, 2019.
             Slain by a slave (5 damage)
             ... led by Pikel
             ... on level 4 of the Dungeon.
             The game lasted 00:26:37 (4973 turns).

troglodite the Grave Robber (DsNe)                  Turns: 4973, Time: 00:26:38

Health: -2/44      AC:  7    Str:  8    XL:     6   Next: 73%
Magic:  12/21      EV: 13    Int: 16    God:
Gold:   181        SH:  0    Dex: 16    Spells: 1/13 levels left

rFire    + . .     SeeInvis .   q - +3 quarterstaff (chaos)
rCold    . . .     Gourm    .   (shield currently unavailable)
rNeg     . . .     Faith    .   a - +0 robe
rPois    .         Spirit   .   f - +0 helmet
rElec    .         Reflect  .   r - +0 cloak
rCorr    .         Harm     .   b - +0 pair of gloves
MR       .....                  (no boots)
Stlth    ++........             (no amulet)
HPRegen  0.14/turn              o - ring of magical power
MPRegen  0.17/turn              t - ring of flight (curse)

@: no status effects
A: talons 1, thin metallic scales 1, fire resistance 1, spiny 1
a: Evoke Flight


You were on level 4 of the Dungeon.
You were not hungry.

You visited 1 branch of the dungeon, and saw 4 of its levels.

You collected 181 gold pieces.

Inventory:

Hand Weapons
 n - a +0 hunting sling
 q - a +3 quarterstaff of chaos (weapon)
Missiles
 e - 150 stones (quivered)
 h - 46 sling bullets
Armour
 a - a +0 robe (worn)
 b - a +0 pair of gloves (worn)
 f - a +0 helmet (worn)
 r - a +0 cloak (worn)
Jewellery
 o - a ring of magical power (left hand)
 t - a cursed ring of flight (right hand)
Wands
 p - a wand of flame (20)
Scrolls
 d - a scroll of immolation {unknown}
 g - a scroll of remove curse {unknown}
 j - 2 scrolls of random uselessness {unknown}
 k - 2 scrolls of identify {unknown}
 l - a scroll of fear {unknown}
 m - a scroll of magic mapping {unknown}
 s - a scroll of fog {unknown}
 v - a scroll of blinking {unknown}
Potions
 i - 2 potions of curing {unknown}
 w - a potion of flight {unknown}
Comestibles
 c - 3 rations
 u - 18 chunks of flesh


   Skills:
 * Level 1.7 Fighting
   Level 0.3 Short Blades
 * Level 0.7 Staves
 * Level 1.2 Slings
 * Level 2.6 Dodging
 * Level 2.5 Stealth
 * Level 4.0 Spellcasting
 * Level 1.2 Charms
 * Level 5.9 Necromancy


You had one spell level left.
You knew the following spells:

 Your Spells              Type           Power        Failure   Level  Hunger
a - Pain                  Necr           ###.         1%          1    None
b - Regeneration          Chrm/Necr      ##........   12%         3    ###....
c - Vampiric Draining     Necr           ###.......   4%          3    ###....
d - Animate Skeleton      Necr           N/A          1%          1    None
e - Animate Dead          Necr           N/A          16%         4    ####...

Your spell library contained the following spells:

 Spells                   Type           Power        Failure   Level  Hunger


Dungeon Overview and Level Annotations

Branches:
Dungeon (4/15)
 Temple: D:4-7

Altars:
Fedhas

Annotations:
D:4 Pikel


Innate Abilities, Weirdness & Mutations

You have sharp toenails.
You are partially covered in thin metallic scales. (AC +2)
Your flesh is heat resistant. (rF+)
You are partially covered in sharp spines.


Message History

You feel life coursing into your body. The slave is struck by your spines.
The slave misses you.
Your hobgoblin skeleton hits the slave but does no damage.
The slave is struck by your spines. The slave hits you.
The slave barely misses you. The slave hits you.
Your goblin skeleton barely misses the slave.
Pikel barely misses you.
Casting: Vampiric Draining (safe; 4% risk of failure)
Confirm with . or Enter, or press ? or * to list all spells.
Aiming: Vampiric Draining (safe; 4% risk of failure)
Press: ? - help, Shift-Dir - straight line, f/p - Pikel
Aim: Pikel, wielding a +2 whip of electrocution and wearing a +0 robe (heavily wounded) Pikel is severely wounded.
You feel life coursing into your body. The slave is struck by your spines.
The slave hits you!
* * * LOW HITPOINT WARNING * * *
The slave misses you. The slave hits you!
* * * LOW HITPOINT WARNING * * *
The slave is struck by your spines. The slave hits you.
You die...

### ### #.# ##
##.###.# ###.##
######.###.#.
#.#..####ZZZ#..##Z##.
#....##Z##..ZZ...###
#KppZZ#####ZZ..## #
#.@pZ## #.ZZ..##
#..p.# #..###..##
#.....# #..## #....
#####..##..# #....
##....# ##Z.. ....
##Z.. .#... #....
#..# ##..Z#
#..###...##


You could see Pikel, 4 slaves, a friendly goblin zombie, 4 friendly goblin
skeletons and a friendly hobgoblin skeleton.

Vanquished Creatures
  A phantom (D:4)
  An ogre (D:4)
  A vampire bat (D:3)
  Crazy Yiuf (D:3)
  Robin (D:4)
  2 adders (D:2)
  A worm (D:2)
  A dart slug (D:2)
  2 fire bats (D:3)
  3 leopard geckos
  3 orcs
  2 spectral bats (D:3)
  12 bats
  2 bat skeletons (D:3)
  A bat zombie (D:3)
  2 giant cockroaches (D:1)
  16 goblins
  10 hobgoblins
  3 jackals (D:3)
  A quokka (D:3)
  A bat simulacrum (D:3)
  21 frilled lizards
  5 kobolds
  9 rats
  A fungus (D:3)
103 creatures vanquished.

Vanquished Creatures (collateral kills)
  A fire bat (D:3)
  A bat skeleton (D:3)
2 creatures vanquished.

Grand Total: 105 creatures vanquished

Notes
Turn   | Place    | Note
-------+----------+-------------------------------------------
     0 | D:1      | troglodite the Demonspawn Necromancer began the quest for
                  | the Orb.
     0 | D:1      | Reached XP level 1. HP: 13/13 MP: 3/3
   290 | D:1      | Gained mutation: You are partially covered in thin metallic
                  | scales. (AC +2) [demonic ancestry]
   290 | D:1      | Reached XP level 2. HP: 11/19 MP: 1/5
  1609 | D:2      | Gained mutation: You are partially covered in sharp spines.
                  | [demonic ancestry]
  1609 | D:2      | Reached XP level 3. HP: 25/25 MP: 6/6
  1614 | D:2      | Learned a level 3 spell: Regeneration
  2442 | D:2      | Found a blossoming altar of Fedhas.
  2615 | D:2      | Learned a level 3 spell: Vampiric Draining
  2678 | D:2      | Reached skill level 5 in Necromancy
  2679 | D:2      | Reached XP level 4. HP: 17/31 MP: 5/8
  3179 | D:3      | Reached skill level 1 in Fighting
  3224 | D:3      | Gained mutation: You have sharp toenails. [demonic
                  | ancestry]
  3224 | D:3      | Reached XP level 5. HP: 29/37 MP: 0/9
  3242 | D:3      | Learned a level 1 spell: Animate Skeleton
  3970 | D:3      | Found a runed translucent door.
  3971 | D:3      | Noticed Crazy Yiuf
  3986 | D:3      | Killed Crazy Yiuf
  4185 | D:4      | Noticed a phantom
  4235 | D:4      | Killed a phantom
  4235 | D:4      | Reached skill level 1 in Slings
  4235 | D:4      | Reached skill level 1 in Charms
  4235 | D:4      | Gained mutation: Your flesh is heat resistant. (rF+)
                  | [demonic ancestry]
  4235 | D:4      | Reached XP level 6. HP: 17/43 MP: 11/11
  4273 | D:4      | Learned a level 4 spell: Animate Dead
  4832 | D:4      | Noticed Robin
  4849 | D:4      | Killed Robin
  4960 | D:4      | Noticed a slave
  4962 | D:4      | Noticed a slave
  4962 | D:4      | Noticed a slave
  4963 | D:4      | Noticed Pikel
  4963 | D:4      | Noticed a slave
  4973 | D:4      | Slain by a slave

Skill      XL: |  1  2  3  4  5  6 |
---------------+-------------------+-----
Dodging        | 2 |  2.6
Stealth        | 2 |  2.5
Necromancy     | 5 |  5.9
Fighting       | 1 |  1.7
Spellcasting   | 3 4 |  4.0
Slings         | 1 |  1.2
Charms         | 1 |  1.2
Short Blades   | |  0.3
Staves         | |  0.7

Action                   |  1- 3 |  4- 6 || total
-------------------------+-------+-------++-------
Melee: Unarmed           |     4 |       ||     4
       Short sword       |    18 |     3 ||    21
       Dagger            |       |    39 ||    39
       Quarterstaff      |       |    34 ||    34
       Kick              |       |    15 ||    15
 Cast: Pain              |    76 |    46 ||   122
       Animate Skeleton  |       |     3 ||     3
       Vampiric Draining |       |    10 ||    10
       Animate Dead      |       |     1 ||     1
 Stab: Sleeping          |     2 |       ||     2
  Eat: Chunk             |     6 |     2 ||     8
       Ration            |       |     2 ||     2
Armor: Robe              |     4 |    32 ||    36
Dodge: Dodged            |    21 |    61 ||    82
